 Dungeon Crawl Stone Soup version 0.17-a0-1409-ge6d9485 (webtiles) character file.

68962 Chiseanne the Fighter (level 14, -1/116 HPs)
             Began as a Demonspawn Wanderer on June 21, 2015.
             Was an Initiate of Gozag.
             Slain by a soul eater (2 damage)
             ... summoned by an orc sorcerer
             ... while paralysed by an orc sorcerer
             ... on level 4 of the Orcish Mines on June 22, 2015.
             The game lasted 01:48:18 (22412 turns).

Chiseanne the Fighter (Demonspawn Wanderer)        Turns: 22412, Time: 01:48:19

Health: -1/116     AC: 17    Str: 22    XL:     14   Next: 88%
Magic:  0/12       EV:  2    Int: 19    God:    Gozag
Gold:   2146       SH:  0    Dex: 15    Spells: 5 memorised, 3 levels left

rFire  . . .     SeeInvis +     a - +10 short sword of Midsummer {freeze, +Rage}
rCold  + . .     Clarity  .     C - +1 ring mail of Weightlessness {-Cast Regen+ rCorr Str+6}
rNeg   . . .     SustAt   .     (no shield)
rPois  +         Gourm    .     B - +1 helmet {Int+3}
rElec  +         Spirit   +     i - +1 cloak
rCorr  +         Warding  .     z - +0 pair of gloves {Str+3}
rMut   .         Rnd*Tele +     (boots unavailable)
MR     +....     NoCast   +     L - amulet of Umyliqip {+Rage rElec rPois MP-9 SInv}
Stlth  +.........               M - +2 ring of protection
                                W - ring "Cusurikh" {+/*Tele rC+ Slay+5}

@: paralysed, drained, somewhat resistant to hostile enchantments, very
unstealthy
A: hooves 3, thin metallic scales 1, spiny 1, magic shield, magic regeneration,
magic link
a: Potion Petition, Call Merchant, Bribe Branch, Renounce Religion, Evoke
Berserk Rage, Evoke Teleportation


You were on level 4 of the Orcish Mines.
You worshipped Gozag.
Gozag was noncommittal.
You were not hungry.

You visited 3 branches of the dungeon, and saw 20 of its levels.

You collected 8022 gold pieces.
You spent 5796 gold pieces at shops.
You paid 80 gold pieces to Gozag.

Inventory:

Hand weapons
 a - the +10 short sword of Midsummer (weapon) {freeze, +Rage}
   (You found it on level 4 of the Dungeon)

   It has been specially enchanted to freeze those struck by it, causing extra
   injury to most foes and up to half again as much damage against particularly
   susceptible opponents.
   It can also slow down cold-blooded creatures.
   It lets you go berserk.
 d - a +1 flail of protection
 e - a +4 longbow of flaming
 f - a +2 scimitar of flaming
 s - the +1 mace of Ruahef {flame, +Blink rF++ rN+ Int-5}
   (You found it on level 9 of the Dungeon)

   It has been specially enchanted to burn those struck by it, causing extra
   injury to most foes and up to half again as much damage against particularly
   susceptible opponents.
   It affects your intelligence (-5).
   It greatly protects you from fire.
   It protects you from negative energy.
   It lets you blink.
 w - a +0 blowgun
Missiles
 b - 3 poisoned bolts
 l - 28 arrows of dispersal
 r - 29 poisoned needles
 v - 553 arrows
 I - 3 curare-tipped needles
 V - 38 poisoned arrows
Armour
 i - a +1 cloak (worn)
 y - the +5 ring mail of Sefinav {rC+ Int+2}
   (You bought it in a shop on level 1 of the Orcish Mines)

   It affects your intelligence (+2).
   It protects you from cold.
 z - a +0 pair of gloves of strength (worn)
 B - a +1 helmet of intelligence (worn)
 C - the +1 ring mail of Weightlessness (worn) {-Cast Regen+ rCorr Str+6}
   (You bought it in a shop on level 8 of the Dungeon)

   It affects your strength (+6).
   It prevents spellcasting.
   It increases your rate of regeneration.
   It protects you from acid and corrosion.
Rods
 E - a +0 rod of shadows (14/14)
   (You took it off a crimson imp on level 9 of the Dungeon)
 O - a +2 rod of the swarm (9/9)
   (You bought it in a shop on level 4 of the Orcish Mines)
Jewellery
 F - an uncursed amulet of the gourmand {unknown}
 L - the amulet of Umyliqip (around neck) {+Rage rElec rPois MP-9 SInv}
   (You took it off a tengu warrior on level 13 of the Dungeon)

   [amulet of rage]

   It insulates you from electricity.
   It protects you from poison.
   It affects your magic capacity (-9).
   It lets you see invisible.
   It lets you go berserk.
 M - a +2 ring of protection (right hand)
 W - the ring "Cusurikh" (left hand) {+/*Tele rC+ Slay+5}
   (You took it off an orc on level 13 of the Dungeon)

   [ring of teleportation]

   It may teleport you to nearby monsters, and can be evoked to randomly
   teleport.
   It affects your accuracy and damage with ranged weapons and melee attacks
   (+5).
   It protects you from cold.
Magical devices
 o - a wand of digging (12)
 A - a wand of lightning (10)
Scrolls
 j - 5 scrolls of teleportation
 J - a scroll of amnesia
 K - 3 scrolls of identify
 N - a scroll of fear
 R - 3 scrolls of silence
 T - a scroll of fog
 Z - 5 scrolls of remove curse
Potions
 c - a potion of brilliance
 g - 9 potions of curing
 h - 3 potions of lignification
 k - 3 potions of ambrosia
 p - a potion of might
 q - 6 potions of heal wounds
 t - a potion of invisibility
 x - 3 potions of magic
 D - 4 potions of agility
 H - a potion of mutation
 Q - 2 potions of cancellation
 Y - 4 potions of cure mutation
Books
 u - the Reference Book on the Birds

   Spells                             Type                      Level
   a - Shock                          Conjuration/Air              1
   b - Swiftness                      Charms/Air                   2
Miscellaneous
 n - a sack of spiders
 P - a sack of spiders
Comestibles
 m - 11 meat rations
 G - 5 bread rations


   Skills:
 + Level 12.4(11.0) Fighting
 - Level 12.0(10.6) Short Blades
   Level 1.7(0.7) Staves
 * Level 5.8(4.7) Bows
 - Level 8.0(6.8) Armour
 + Level 11.1(9.8) Dodging
   Level 5.1(3.9) Shields
 - Level 1.9(0.9) Spellcasting
   Level 1.0(0.0) Transmutations
 - Level 2.4(1.3) Ice Magic
 + Level 10.2(8.9) Evocations


You had 3 spell levels left.
You knew the following spells:

 Your Spells              Type           Power        Failure   Level  Hunger
a - Ensorcelled Hibernat  Hex/Ice        #.....       38%         2    ###....
b - Swiftness             Chrm/Air       #.......     47%         2    ###....
c - Cure Poison           Pois           #.........   47%         2    ###....
d - Mephitic Cloud        Conj/Pois/Air  #.......     86%         3    ####...
e - Condensation Shield   Ice            #.........   98%         4    #####..


Dungeon Overview and Level Annotations

Branches:
Dungeon (15/15)            Temple (1/1) D:5            Lair (0/8) D:11
    Orc (4/4) D:9             Elf (0/3) Orc:4        Vaults (0/5) D:13
 Depths (0/5) D:15

Altars:
Ashenzari
Cheibriados
Dithmenos
Elyvilon
Fedhas
Gozag
Kikubaaqudgha
Makhleb
Nemelex Xobeh
Qazlal
Sif Muna
Trog
Vehumet
Zin
The Shining One
Beogh

Shops:
D:5 }   D:8 [   D:9 !   D:11 *   Orc:1 :[*   Orc:2 !   Orc:4 }?!

Annotations:
D:4 Fluffy's ghost, average DsGl


Innate Abilities, Weirdness & Mutations

You have hooves in place of feet.
You are partially covered in thin metallic scales (AC +2).
You are partially covered in sharp spines.
When hurt, damage is shared between your health and your magic reserves.
You regenerate magic rapidly.
When low on magic, you restore magic in place of health.


Message History

* * * LOW HITPOINT WARNING * * *
The orc sorcerer casts a spell at you.
Helpless, you fail to dodge the bolt of fire.
* * * LOW HITPOINT WARNING * * *
The orc warrior barely misses you.
The orc shouts!
The soul eater is struck by your spines.
The soul eater hits you!
* * * LOW HITPOINT WARNING * * *
You feel drained.
* * * LOW HITPOINT WARNING * * *
The orc sorcerer is struck by your spines.
The orc sorcerer hits you but does no damage.
The orc warrior is struck by your spines.
The orc warrior hits you but does no damage.
The orc warrior hits you with a hand axe!
* * * LOW HITPOINT WARNING * * *
The soul eater hits you.
You die...
Your body crumbles into a pile of gold.

.8.[..+ #.## ##..#
......# #..# ####
.....)######.##
...))........#
...[.........##########
#.##..................#
## ##.....#.#########.#
##......#.8..o.##.#
#....#.#∩..@o4.#.#
....###.#.8.3o..#.#
#####.##..#####o._#.#
+.$$#.#...')..#$..#.#
#$.8#.#...#)8.#...#.#
#..)#.....#...'..##.#
#####.#..)#########.#
........))).........#
.#####..#############


You could see a soul eater, a sixfirhy, an orc sorcerer, 2 orc warriors and an
orc.

Vanquished Creatures
  Gastronok (D:8)
  Kirke (D:13)
  Maud (Orc:3)
  Nessos (D:12)
  Azrael (D:15)
  Snorg (Orc:1)
  5 vault guards (D:13)
  A rakshasa (D:15)
  2 hydras (D:13)
  5 centaur warriors
  2 catoblepae
  2 ogre magi (D:15)
  The ghost of 4thArraOfDagon the Cleaver, an experienced FoGl (D:8)
  3 tengu warriors
  Urug (D:11)
  Nergalle (Orc:3)
  2 unseen horrors
  4 skeletal warriors
  A giant orange brain (D:15)
  3 orc knights
  10 hill giants
  A wizard (D:15)
  Pikel (D:7)
  A mana viper (shapeshifter) (D:15)
  An orc sorcerer (Orc:4)
  A griffon (D:14)
  2 cyclopes
  8 ugly things
  A centaur zombie (D:15)
  2 wolf spiders (D:13)
  Maurice (D:11)
  A gargoyle (D:12)
  A komodo dragon (D:11)
  An efreet (D:15)
  A centaur skeleton (D:15)
  A tengu conjurer (D:13)
  5 two-headed ogres
  A queen bee (D:12)
  8 trolls
  A freezing wraith (D:14)
  8 slime creatures
  A centaur simulacrum (D:14)
  A trapdoor spider (shapeshifter) (D:15)
  A deep elf mage (Orc:1)
  A hippogriff (shapeshifter) (D:15)
  19 yaks
  A wyvern (D:15)
  3 hogs (D:13)
  3 shadows
  2 wraiths
  A basilisk (D:13)
  3 fire elementals (D:15)
  A hungry ghost (D:10)
  5 hippogriffs
  2 soldier ants (D:11)
  2 vampire mosquitoes (D:13)
  2 mottled dragons (D:11)
  3 hell hounds (D:15)
  3 wargs
  A slave (D:7)
  A water moccasin (D:13)
  4 ice beasts
  2 necrophages
  12 ogres
  An eye of draining (D:14)
  4 sky beasts
  29 orc warriors
  The ghost of 4thArraOfDagon the Skirmisher, an average CeAK of Lugonu (D:5)
  4 boggarts
  22 centaurs
  A black bear (D:13)
  5 phantoms
  5 crocodiles
  2 big kobolds
  7 giant frogs
  A wyvern zombie (D:10)
  5 scorpions
  17 killer bees
  6 wights
  8 jellies
  9 crimson imps
  27 orc priests
  9 hounds
  Crazy Yiuf (D:2)
  3 iguanas
  3 giant frog skeletons
  38 orc wizards
  11 worker ants
  A killer bee zombie (D:5)
  4 sheep (D:13)
  12 adders
  4 gnolls (D:4)
  2 shadow imps
  An adder zombie (D:5)
  An ooze (D:2)
  2 worms
  3 adder skeletons
  193 orcs
  4 giant cockroaches
  19 goblins
  12 hobgoblins
  10 jackals
  10 quokkas
  5 ball pythons
  11 bats
  11 giant geckos
  6 giant newts
  30 kobolds
  22 rats
  A fungus (D:2)
753 creatures vanquished.

Vanquished Creatures (collateral kills)
  Rupert (D:15)
  Erolcha (Orc:1)
  Sonja (Orc:4)
  A skeletal warrior (D:12)
  A centaur skeleton (D:10)
  A troll (D:15)
  5 slime creatures
  An orc warrior (Orc:1)
  4 orcs (Orc:1)
  A hobgoblin (Orc:1)
17 creatures vanquished.

Vanquished Creatures (others)
  A human (D:13)
  A golden eye (shapeshifter) (D:15)
  A worker ant (D:7)
  2 orcs
5 creatures vanquished.

Grand Total: 775 creatures vanquished

Notes
Turn   | Place    | Note
--------------------------------------------------------------
     0 | D:1      | Chiseanne the Demonspawn Wanderer began the quest for the Orb.
     0 | D:1      | Chiseanne set off with: a book of Frost, the Reference Book on the Birds, a +0 quarterstaff, a +0 robe, a bread ration
     0 | D:1      | Reached XP level 1. HP: 18/18 MP: 1/1
     0 | D:1      | Identified the Reference Book on the Birds
   346 | D:1      | Gained mutation: When hurt, damage is shared between your health and your magic reserves. [demonic ancestry]
   346 | D:1      | Reached XP level 2. HP: 22/24 MP: 3/3
   355 | D:1      | Reached skill level 1 in Spellcasting
   519 | D:1      | Learned a level 1 spell: Freeze
  1015 | D:1      | Reached skill level 1 in Dodging
  1190 | D:2      | Found a white marble altar of Elyvilon.
  1390 | D:2      | Gained mutation: You have large cloven feet. [demonic ancestry]
  1390 | D:2      | Reached XP level 3. HP: 19/29 MP: 1/4
  2998 | D:3      | Gained mutation: You are partially covered in sharp spines. [demonic ancestry]
  2998 | D:3      | Reached XP level 4. HP: 35/35 MP: 6/6
  4064 | D:4      | Got a faintly glowing short sword
  4109 | D:4      | Reached XP level 5. HP: 42/42 MP: 7/7
  4124 | D:4      | Reached skill level 1 in Armour
  4264 | D:4      | Noticed an ogre
  4271 | D:4      | Killed an ogre
  4271 | D:4      | Reached skill level 4 in Fighting
  4531 | D:4      | Reached XP level 6. HP: 48/48 MP: 8/8
  4709 | D:4      | Identified the +10 short sword of Midsummer {freeze, +Rage} (You found it on level 4 of the Dungeon)
  5011 | D:4      | Reached skill level 1 in Short Blades
  5130 | D:4      | Noticed Fluffy's ghost (average DsGl)
  5406 | D:2      | Noticed Crazy Yiuf
  5416 | D:2      | Killed Crazy Yiuf
  5529 | D:5      | Entered Level 5 of the Dungeon
  5543 | D:5      | Noticed 4thArraOfDagon's ghost (average CeAK)
  5556 | D:5      | Killed 4thArraOfDagon's ghost
  5556 | D:5      | Gained mutation: You have hoof-like feet. [demonic ancestry]
  5556 | D:5      | Reached XP level 7. HP: 40/55 MP: 5/9
  5773 | D:5      | Reached skill level 5 in Fighting
  5988 | D:5      | Found a staircase to the Ecumenical Temple.
  6020 | Temple   | Entered the Ecumenical Temple
  6028 | Temple   | Became a worshipper of Gozag Ym Sagoz the Greedy
  6095 | D:5      | Found Weebym's Gadget Shop.
  6963 | D:6      | Found a bloodstained altar of Trog.
  7013 | D:6      | You fall through a shaft for 2 floors!
  7051 | D:8      | Found a snail-covered altar of Cheibriados.
  7076 | D:8      | Found a burning altar of Makhleb.
  7080 | D:8      | Gained mutation: You have hooves in place of feet. [demonic ancestry]
  7080 | D:8      | Reached XP level 8. HP: 63/63 MP: 10/10
  7110 | D:8      | Found Reamotyedgh's Weapon Shop.
  7142 | D:8      | Noticed 4thArraOfDagon's ghost (experienced FoGl)
  7166 | D:8      | Killed 4thArraOfDagon's ghost
  7166 | D:8      | Reached skill level 5 in Armour
  7263 | D:8      | Found Jufaophoah's Antique Armour Shoppe.
  7287 | D:8      | Reached skill level 6 in Fighting
  7302 | D:8      | Bought a bloodstained ring mail for 207 gold pieces
  7302 | D:8      | Bought a crude ring mail for 207 gold pieces
  7674 | D:6      | Gained mutation: You regenerate magic rapidly. [demonic ancestry]
  7674 | D:6      | Reached XP level 9. HP: 33/69 MP: 4/11
  7814 | D:6      | Reached skill level 5 in Short Blades
  7814 | D:6      | Reached skill level 5 in Dodging
  7835 | D:6      | Identified the cursed +1 ring mail of Weightlessness {-Cast Regen+ rCorr Str+6} (You bought it in a shop on level 8 of the Dungeon)
  7948 | D:6      | Found a sparkling altar of Nemelex Xobeh.
  8107 | D:6      | Found a shattered altar of Ashenzari.
  8568 | D:7      | Noticed Pikel
  8578 | D:7      | Killed Pikel
  8871 | D:8      | Noticed Gastronok
  8875 | D:8      | Reached skill level 7 in Armour
  8890 | D:8      | Killed Gastronok
  8890 | D:8      | Reached XP level 10. HP: 69/79 MP: 9/12
  9205 | D:9      | Found a staircase to the Orcish Mines.
  9221 | D:9      | Identified a +0 rod of inaccuracy (9/9) (You found it on level 9 of the Dungeon)
  9280 | D:9      | Found Hang's Distillery.
  9291 | D:9      | Bought a potion of cancellation for 96 gold pieces
  9291 | D:9      | Bought a potion of mutation for 30 gold pieces
  9291 | D:9      | Bought a potion of poison for 12 gold pieces
  9291 | D:9      | Bought a potion of agility for 48 gold pieces
  9291 | D:9      | Bought a potion of resistance for 120 gold pieces
  9291 | D:9      | Bought a potion of curing for 36 gold pieces
  9338 | D:9      | Identified a scroll of acquirement
  9630 | D:9      | Identified the +1 ring mail "Feiger" {rElec rC+ Str-3 Int+3} (You bought it in a shop on level 8 of the Dungeon)
  9688 | D:9      | Got a polished mace
  9689 | D:9      | Identified the cursed +1 mace of Ruahef {flame, +Blink rF++ rN+ Int-5} (You found it on level 9 of the Dungeon)
  9703 | D:9      | Reached skill level 8 in Armour
  9778 | D:9      | Identified a -1 rod of shadows (3/13) (You took it off a crimson imp on level 9 of the Dungeon)
  9895 | D:9      | Found an ancient bone altar of Kikubaaqudgha.
 10024 | D:10     | Entered Level 10 of the Dungeon
 10035 | D:10     | Got an ancient ring mail
 10063 | D:10     | Identified the +1 ring mail of Filth {rElec rN+ MR- Dex+7} (You found it on level 10 of the Dungeon)
 10568 | D:10     | Reached XP level 11. HP: 84/86 MP: 13/13
 10927 | D:11     | Noticed Maurice
 10944 | D:11     | Killed Maurice
 11307 | D:11     | Noticed a hill giant
 11318 | D:11     | Killed a hill giant
 11330 | D:11     | Noticed a hill giant
 11339 | D:11     | Killed a hill giant
 11339 | D:11     | Reached skill level 9 in Short Blades
 11365 | D:11     | Noticed Urug
 11392 | D:11     | Killed Urug
 11507 | D:11     | Found Denaun's Assorted Antiques.
 11521 | D:11     | Bought a translucent flail for 161 gold pieces
 11521 | D:11     | Bought a scroll labeled ROTUSI ROUMEH for 19 gold pieces
 11521 | D:11     | Bought a scroll of identify for 38 gold pieces
 11521 | D:11     | Bought a scroll of teleportation for 57 gold pieces
 11521 | D:11     | Bought an inky potion for 17 gold pieces
 11521 | D:11     | Bought a brass wand for 76 gold pieces
 11521 | D:11     | Bought a scroll labeled PAFIYG LIOPROTAU for 19 gold pieces
 11867 | D:11     | You fall through a shaft!
 12399 | D:11     | Killed an unseen horror
 12620 | D:11     | Found a staircase to the Lair.
 12632 | D:11     | Reached skill level 10 in Short Blades
 12683 | D:11     | Reached skill level 5 in Evocations
 12932 | D:12     | Gained mutation: You are partially covered in thin metallic scales (AC +2). [demonic ancestry]
 12932 | D:12     | Reached XP level 12. HP: 95/95 MP: 15/15
 13270 | D:12     | Noticed a hill giant
 13277 | D:12     | Killed a hill giant
 13400 | D:12     | Noticed Nessos
 13413 | D:12     | Killed Nessos
 13560 | D:13     | Noticed a catoblepas
 13579 | D:13     | Killed a catoblepas
 13726 | D:13     | Noticed a centaur warrior
 13737 | D:13     | Killed a centaur warrior
 13737 | D:13     | Reached skill level 11 in Short Blades
 13748 | D:13     | Reached skill level 10 in Fighting
 13980 | D:13     | Noticed an eight-headed hydra
 14044 | D:13     | Killed an eight-headed hydra
 14197 | D:13     | Reached XP level 13. HP: 76/104 MP: 12/18
 14232 | D:13     | Noticed an eight-headed hydra
 14348 | D:13     | Noticed Kirke
 14370 | D:13     | Noticed a sphinx
 14373 | D:13     | Killed Kirke
 14501 | D:13     | Got a heavily runed bronze amulet
 14579 | D:13     | Identified the amulet of Umyliqip {+Rage rElec rPois MP-9 SInv} (You took it off a tengu warrior on level 13 of the Dungeon)
 14635 | D:13     | Got a coiled platinum ring
 14808 | D:13     | Killed an eight-headed hydra
 14808 | D:13     | Reached skill level 12 in Short Blades
 14944 | D:13     | Identified the ring "Cusurikh" {+/*Tele rC+ Slay+5} (You took it off an orc on level 13 of the Dungeon)
 15188 | D:13     | Noticed a vault guard
 15188 | D:13     | Noticed a vault guard
 15190 | D:13     | Noticed a vault guard
 15190 | D:13     | Noticed a vault guard
 15240 | D:13     | Killed a vault guard
 15271 | D:13     | Noticed a vault guard
 15273 | D:13     | Noticed a vault guard
 15273 | D:13     | Noticed a centaur warrior
 15274 | D:13     | Noticed a vault guard
 15274 | D:13     | Noticed a vault guard
 15280 | D:13     | Killed a centaur warrior
 15316 | D:13     | Killed a vault guard
 15322 | D:13     | Killed a vault guard
 15329 | D:13     | Killed a vault guard
 15338 | D:13     | Killed a vault guard
 15391 | D:13     | Found a gate to the Vaults.
 15803 | D:12     | Reached skill level 10 in Dodging
 16062 | D:14     | Found a roughly hewn altar of Beogh.
 16288 | D:14     | Reached skill level 5 in Shields
 16367 | D:14     | Reached skill level 1 in Bows
 17280 | D:14     | Learned a level 2 spell: Ensorcelled Hibernation
 17283 | D:14     | Learned a level 2 spell: Swiftness
 17286 | D:14     | Learned a level 2 spell: Cure Poison
 17307 | D:15     | Entered Level 15 of the Dungeon
 17357 | D:14     | Gained mutation: When low on magic, you restore magic in place of health. [demonic ancestry]
 17357 | D:14     | Reached XP level 14. HP: 81/113 MP: 11/20
 17647 | D:15     | Got a warped scale mail
 18007 | D:15     | Noticed Rupert
 18229 | D:15     | Noticed Azrael
 18243 | D:15     | Killed Azrael
 18342 | D:15     | Found a staircase to the Depths.
 18391 | D:15     | Learned a level 3 spell: Mephitic Cloud
 18396 | D:15     | Learned a level 4 spell: Condensation Shield
 18450 | D:15     | Identified the +0 scale mail of Coronation {Str+2 Int+3 Dex+4} (You found it on level 15 of the Dungeon)
 18623 | D:15     | Killed Rupert
 18936 | D:15     | Found a glowing golden altar of the Shining One.
 19570 | Orc:1    | Entered Level 1 of the Orcish Mines
 19576 | Orc:1    | Noticed Erolcha
 19588 | Orc:1    | Found Reulaull's Food Boutique.
 19591 | Orc:1    | Killed Erolcha
 19638 | Orc:1    | Found Ujibyhit's Antique Armour Shop.
 19639 | Orc:1    | Noticed Snorg
 19647 | Orc:1    | Found Qoxt's Assorted Antiques.
 19659 | Orc:1    | Found Jaidaxen's Book Boutique.
 19717 | Orc:1    | Killed Snorg
 19736 | Orc:1    | Bought a heavily runed ring mail for 261 gold pieces
 19736 | Orc:1    | Bought a pair of runed gloves for 130 gold pieces
 19736 | Orc:1    | Bought a shiny helmet for 130 gold pieces
 19790 | Orc:1    | Identified the +5 ring mail of Sefinav {rC+ Int+2} (You bought it in a shop on level 1 of the Orcish Mines)
 19823 | Orc:1    | Bought a sack of spiders for 640 gold pieces
 19823 | Orc:1    | Bought a scroll of identify for 64 gold pieces
 19823 | Orc:1    | Bought a potion of magic for 256 gold pieces
 19823 | Orc:1    | Bought a brown potion for 28 gold pieces
 19823 | Orc:1    | Bought 2 potions of agility for 256 gold pieces
 19823 | Orc:1    | Bought a brown potion for 28 gold pieces
 19823 | Orc:1    | Bought a potion of curing for 96 gold pieces
 19823 | Orc:1    | Bought a dented lapis lazuli amulet for 160 gold pieces
 20086 | Orc:1    | Bought a meat ration for 70 gold pieces
 20086 | Orc:1    | Bought a bread ration for 70 gold pieces
 20086 | Orc:1    | Bought a beef jerky for 21 gold pieces
 20086 | Orc:1    | Bought a meat ration for 70 gold pieces
 20086 | Orc:1    | Bought a meat ration for 70 gold pieces
 20086 | Orc:1    | Bought a slice of pizza for 21 gold pieces
 20086 | Orc:1    | Bought a meat ration for 70 gold pieces
 20086 | Orc:1    | Bought a beef jerky for 21 gold pieces
 20086 | Orc:1    | Bought a meat ration for 70 gold pieces
 20086 | Orc:1    | Bought a meat ration for 70 gold pieces
 20086 | Orc:1    | Bought a bread ration for 70 gold pieces
 20086 | Orc:1    | Bought a bread ration for 70 gold pieces
 20086 | Orc:1    | Bought a meat ration for 70 gold pieces
 20457 | Orc:2    | Found Jeurowke's Distillery.
 20468 | Orc:2    | Reached skill level 10 in Evocations
 20495 | Orc:2    | Reached skill level 5 in Bows
 20548 | Orc:2    | Found a roughly hewn altar of Beogh.
 20739 | Orc:2    | Bought a potion of curing for 39 gold pieces
 20739 | Orc:2    | Bought a potion of might for 52 gold pieces
 20739 | Orc:2    | Bought 2 potions of agility for 104 gold pieces
 20739 | Orc:2    | Bought a potion of mutation for 32 gold pieces
 20739 | Orc:2    | Bought a potion of curing for 39 gold pieces
 20739 | Orc:2    | Bought a potion of curing for 39 gold pieces
 20739 | Orc:2    | Bought a potion of heal wounds for 65 gold pieces
 21191 | Orc:3    | Noticed Maud
 21193 | Orc:3    | Noticed Nergalle
 21206 | Orc:3    | Killed Maud
 21211 | Orc:3    | Killed Nergalle
 21614 | Orc:4    | Entered Level 4 of the Orcish Mines
 21618 | Orc:4    | Noticed Sonja
 21727 | Orc:3    | Upgraded the game from 0.17-a0-1404-gb8113a6 to 0.17-a0-1409-ge6d9485
 21771 | Orc:4    | Killed Sonja
 21921 | Orc:4    | Found Delerite's Gadget Shoppe.
 21921 | Orc:4    | Found Wuoffadgh's Magic Scroll Shoppe.
 21921 | Orc:4    | Found a staircase to the Elven Halls.
 22114 | Orc:4    | Found a roughly hewn altar of Beogh.
 22246 | Orc:4    | Bought a scroll of amnesia for 59 gold pieces
 22246 | Orc:4    | Bought a scroll of identify for 34 gold pieces
 22246 | Orc:4    | Bought a scroll of fear for 59 gold pieces
 22246 | Orc:4    | Bought a scroll of identify for 34 gold pieces
 22246 | Orc:4    | Bought a scroll of identify for 34 gold pieces
 22246 | Orc:4    | Bought a scroll of remove curse for 51 gold pieces
 22256 | Orc:4    | Bought a +2 rod of the swarm (9/9) for 960 gold pieces
 22256 | Orc:4    | Bought a sack of spiders for 240 gold pieces
 22335 | Orc:4    | Found a roughly hewn altar of Beogh.
 22389 | Orc:4    | Found a roughly hewn altar of Beogh.
 22392 | Orc:4    | Found Pyockiom's Distillery.
 22406 | Orc:4    | Paralysed by an orc sorcerer for 7 turns
 22412 | Orc:4    | HP: 1/116 [orc warrior/hand axe (7)]
 22412 | Orc:4    | Slain by a soul eater

Vault maps used:
D:1:      dpeg_arrival_tiny_j, serial_bayou_lagoon_b
D:2:      elyvilon_altar_4, uniq_crazy_yiuf_cottage
D:3:      first_bread, minmay_shallow_snake_nest
D:5:      serial_shops, shop_statue
D:6:      lemuel_crystal_altar, overflow_temple_1_default,
          lemuel_coloured_pillars_altar, serial_glass, glass_columns_a,
          glass_columns_b
D:7:      uniq_pikel
D:8:      lemuel_round_altar, makhleb_heckhound_becter, serial_shops,
          nicolae_shop_statue_plus, shop, uniq_gastronok
D:9:      lemuel_doored_altar, serial_shops, shop
D:11:     lair_0_dummy, serial_shops, shop, uniq_maurice, uniq_urug
D:12:     david_nohive_1, uniq_nessos
D:13:     minmay_triangles_in_corner, erik_vaults_2, nrook_mini_backslash,
          uniq_kirke
D:14:     special_room
D:15:     gammafunk_enter_depths_forms, nicolae_tso_swordbearing_angel,
          minmay_strange_pillars, patterned_corridor, uniq_azrael, uniq_rupert
Temple:   circular_temple_12
Orc:1:    serial_shops, shop, shop_coins, shop,
          nicolae_shop_temple_entry_statues_fountains, uniq_erolcha, uniq_snorg
Orc:2:    serial_shops, shop, nicolae_orc_pool_cavern, minmay_orc_temple_a
Orc:3:    uniq_maud, uniq_nergalle
Orc:4:    grunt_orc_community_town_hall, grunt_orc_community_big_house_2,
          grunt_orc_community_big_house_2, grunt_orc_community_house_2,
          grunt_orc_community_house_1, grunt_orc_community_house_3,
          grunt_orc_community_house_1, grunt_orc_community_house_1, basic_altar,
          serial_shops, nicolae_shop_trees, nicolae_shop_waterfront, uniq_sonja

Action                   |  1- 3 |  4- 6 |  7- 9 | 10-12 | 13-15 || total
-------------------------+-------+-------+-------+-------+-------++-------
Melee: Quarterstaff      |   160 |    64 |       |       |       ||   224
       Short sword       |       |    40 |   214 |   531 |   671 ||  1456
       Mace              |       |       |       |     3 |       ||     3
 Fire: Shortbow          |       |       |    14 |    25 |       ||    39
       Longbow           |       |       |       |    33 |   346 ||   379
Throw: Tomahawk          |       |     6 |     4 |    69 |       ||    79
       Javelin           |       |       |       |    33 |    10 ||    43
       Throwing net      |       |       |       |       |     2 ||     2
 Cast: Freeze            |    17 |     2 |       |       |       ||    19
 Abil: Evoke Berserk Rag |       |       |       |     1 |       ||     1
       Evoke Teleportati |       |       |       |       |     1 ||     1
Evoke: Wand              |       |       |     2 |    12 |    15 ||    29
       Rod               |       |       |       |     6 |    18 ||    24
  Use: Scroll            |     8 |     3 |     2 |    14 |     9 ||    36
       Potion            |       |       |     1 |     5 |     7 ||    13
 Stab: Sleeping          |     2 |       |       |       |       ||     2
       Distracted        |       |       |       |     3 |    12 ||    15
       Petrified         |       |       |       |       |     3 ||     3
       Held in net/web   |       |       |       |       |     1 ||     1
  Eat: Chunk             |     7 |     7 |     2 |       |       ||    16
       Pizza             |       |     1 |       |       |     1 ||     2
       Beef jerky        |       |       |     2 |     3 |     2 ||     7
       Royal jelly       |       |       |     1 |     4 |     3 ||     8
       Bread ration      |       |       |     1 |     2 |     5 ||     8
